[Event "Generation Tournament"]
[Site "New York City, USA"]
[Date "2003.04.25"]
[Round "3"]
[White "IM Amon Simutowe"]
[Black "IM Irina Krush"]
[Result "0-1"]
[WhiteElo "2411"]
[BlackElo "2431"]
[Opening "Sicilian: Dragon, Classical, 9.Nb3"]
[ECO "B74"]
[NIC "SI.25"]
[Time "11:24:25"]
[TimeControl "6000+30"]

1. e4 c5 2. Nf3 Nc6 3. Nc3 d6 4. d4 cxd4 5. Nxd4 Nf6 6. Be2 g6 7. Be3 Bg7 8.
O-O O-O 9. Nb3 a6 10. a4 Be6 11. f4 Rc8 12. Kh1 Na5 13. Nd4 Bc4 14. Bd3 e5
15. fxe5 dxe5 16. Nf3 Nh5 17. g3 h6 18. Qe2 Be6 19. Rad1 Qe8 20. Bc1 Rxc3
21. bxc3 Qxa4 22. Bxh6 Bxh6 23. Ra1 Qc6 24. Rxa5 Qxc3 25. Qe1 Qc7 26. Qb4
Nf6 27. Qc5 Qd8 28. Qxe5 Bh3 29. Re1 Ng4 30. Qd5 Qb6 31. Bf1 Bxf1 32. Qc5
Qxc5 33. Rxc5 Bb5 34. h3 Ne3 35. Nd4 Bd7 36. g4 Bf4 37. Rc3 Rd8 38. Nb3 Bc6
39. Rcxe3 Bxe3 40. Rxe3 f5 41. gxf5 gxf5 42. Kg1 Bxe4 43. c3 Kf7 44. Nc5 Bc6
45. Re5 Rd5 46. Rxd5 Bxd5 47. Kf2 a5 48. c4 Bc6 49. Ke3 a4 50. Kf4 a3 51.
Nb3 Ba4 52. Na1 Kf6 53. c5 a2 54. h4 Bd1 55. Ke3 Ke5 56. Kd2 Bh5 57. Kc3 f4
58. Kb2 f3 59. Nb3 f2 60. Nd2 Bf7 61. h5 Bxh5 62. Kxa2 Be2 63. Kb3 f1=Q 64.
Nxf1 Bxf1 {Black wins} 0-1

[Event "Generation Tournament"]
[Site "New York City, USA"]
[Date "2003.04.25"]
[Round "3"]
[White "GM Jaan Ehlvest"]
[Black "FM Stephen Muhammad"]
[Result "1-0"]
[WhiteElo "2587"]
[BlackElo "2397"]
[Opening "King's Indian: Sämisch, double fianchetto variation"]
[ECO "E82"]
[NIC "KI.45"]
[Time "11:25:04"]
[TimeControl "6000+30"]

1. d4 Nf6 2. c4 g6 3. Nc3 Bg7 4. e4 d6 5. f3 O-O 6. Be3 b6 7. Bd3 a6 8. Nge2
Nfd7 9. Qd2 c5 10. O-O Nc6 11. Bc2 Bb7 12. Rad1 Rc8 13. dxc5 bxc5 14. Bh6
Bxh6 15. Qxh6 Nd4 16. Bb1 Ne5 17. b3 Nxe2+ 18. Nxe2 Nc6 19. f4 f6 20. e5 Rf7
21. Be4 Na5 22. Nc3 Qd7 23. f5 Rg7 24. exf6 exf6 25. Nd5 Rf8 26. fxg6 Qe6
27. Rxf6 {White wins} 1-0

[Event "Generation Tournament"]
[Site "New York City, USA"]
[Date "2003.04.25"]
[Round "3"]
[White "IM Eugene Perelshteyn"]
[Black "GM Leonid Yudasin"]
[Result "1-0"]
[WhiteElo "2452"]
[BlackElo "2558"]
[Opening "Caro-Kann: Steinitz variation"]
[ECO "B17"]
[NIC "CK.05"]
[Time "11:29:12"]
[TimeControl "6000+30"]

1. e4 c6 2. d4 d5 3. Nc3 dxe4 4. Nxe4 Nd7 5. Ng5 Ngf6 6. Bd3 e6 7. N1f3 Bd6
8. Qe2 h6 9. Ne4 Nxe4 10. Qxe4 Nf6 11. Qe2 c5 12. dxc5 Bxc5 13. O-O O-O 14.
c4 b6 15. b3 Bb7 16. Bb2 Qe7 17. Rad1 Rfd8 18. Ne5 Kf8 19. Bg6 Qc7 20. Bxf7
Rxd1 21. Rxd1 Rd8 22. Rxd8+ Qxd8 23. Bxe6 Qe8 24. Bf5 Kg8 25. Bg6 Qa8 26.
Nd7 Ne4 27. Bxe4 Bxe4 28. Qg4 {White wins} 1-0

[Event "Generation Tournament"]
[Site "New York City, USA"]
[Date "2003.04.29"]
[Round "6"]
[White "IM Amon Simutowe"]
[Black "GM Jaan Ehlvest"]
[Result "1-0"]
[WhiteElo "2411"]
[BlackElo "2587"]
[Opening "English opening"]
[ECO "A05"]
[NIC "EO.52"]
[Time "11:58:46"]
[TimeControl "6000+30"]

1. Nf3 Nf6 2. c4 g6 3. Nc3 d5 4. cxd5 Nxd5 5. Qa4+ Bd7 6. Qh4 Nf6 7. e4 c5
8. Bc4 Nc6 9. d3 Ng4 10. O-O Bg7 11. h3 h5 12. Qg3 Nge5 13. Nxe5 Nxe5 14. f4
Nxc4 15. dxc4 h4 16. Qe1 Bc6 17. e5 Qd4+ 18. Be3 Qxc4 19. b3 Qe6 20. Bxc5 g5
21. Bd4 gxf4 22. Rxf4 O-O-O 23. Rd1 Rhg8 24. Rg4 Bh8 25. Qxh4 Rxg4 26. Qxg4
Qxg4 27. hxg4 b6 28. g5 Kb7 29. Kf2 Bg7 30. Ke3 Rh8 31. Rf1 Be8 32. Nd5 e6
33. Nf4 Bc6 34. Nxe6 fxe6 35. Rf7+ Ka6 36. Rxg7 Rh4 37. Re7 Re4+ 38. Kd3 Rg4
39. Rxe6 Bd7 40. Rd6 Bb5+ 41. Ke3 Rxg5 42. Kf3 Bf1 {White wins} 1-0

[Event "Generation Tournament"]
[Site "New York City, USA"]
[Date "2003.04.29"]
[Round "6"]
[White "FM Stephen Muhammad"]
[Black "GM Leonid Yudasin"]
[Result "0-1"]
[WhiteElo "2397"]
[BlackElo "2558"]
[Opening "Queen's Indian: Nimzovich variation (exaggerated fianchetto)"]
[ECO "E15"]
[NIC "QI.05"]
[Time "11:59:25"]
[TimeControl "6000+30"]

1. d4 Nf6 2. c4 e6 3. Nf3 b6 4. g3 Ba6 5. b3 d5 6. Bg2 Nbd7 7. O-O Bd6 8.
Bb2 O-O 9. Ne5 Bb7 10. Nxd7 Qxd7 11. Nc3 Rfd8 12. Rc1 a6 13. Na4 Bf8 14. c5
b5 15. Nc3 b4 16. Nb1 a5 17. Qc2 Ba6 18. Rfe1 g6 19. Nd2 Bg7 20. Nf3 Qb5 21.
Bf1 Ne4 22. Ne5 f6 23. Nd3 Qe8 24. f3 Ng5 25. Bg2 e5 26. f4 exf4 27. Nxf4
Qe3+ 28. Kh1 c6 29. Rcd1 f5 30. Bc1 Qe7 31. h4 Ne4 32. Bxe4 fxe4 33. Qd2 Qd7
34. Qe3 Rf8 35. Qf2 Qg4 36. Be3 Rf7 37. Qg2 Bc8 38. Rd2 h6 39. Qh2 Bd7 40.
Ng2 Raf8 41. Bf4 e3 42. Nxe3 Qe6 43. Rd3 Bc8 44. Nc2 g5 45. Be3 Qg4 46. hxg5
hxg5 47. Kg1 Bf5 48. Rd2 Bxc2 {Black wins} 0-1